 Dungeon Crawl Stone Soup version 0.13.0-18-g7b03ea5 (webtiles) character file.

4505 Deemzul the Martial Artist (level 10, -3/68 HPs)
             Began as an Octopode Monk on Oct 23, 2013.
             Was a Believer of Okawaru.
             Slain by a centaur warrior (14 damage)
             ... on Level 9 of the Dungeon.
             The game lasted 00:28:09 (11062 turns).

Deemzul the Martial Artist (Octopode Monk)         Turns: 11062, Time: 00:28:09

HP  -3/68        AC  1     Str 12      XL: 10   Next: 25%
MP   8/9         EV 17     Int 16      God: Okawaru [**....]
Gold 450         SH  0     Dex 15      Spells:  0 memorised,  9 levels left

Res.Fire  : . . .   See Invis. : +     - Unarmed
Res.Cold  : . . .   Warding    : +   (no shield)
Life Prot.: + . .   Conserve   : .   (helmet restricted)
Res.Poison: .       Res.Corr.  : .   m - amulet of warding
Res.Elec. : .       Clarity    : .   g - ring of see invisible
Sust.Abil.: + .     Spirit.Shd : .   j - +4,+3 ring of slaying
Res.Mut.  : .       Stasis     : .   x - +2 ring of intelligence
Res.Rott. : .       Flight     : .   p - ring of sustain abilities
Saprovore : . . .                    (no ring)
                                     (no ring)
                                     (no ring)
                                     (no ring)

@: heroism, somewhat resistant to hostile enchantments, extraordinarily stealthy
A: almost no armour, amphibious, 8 rings, constrict 8, camouflage 1, AC +1
a: Heroism, Renounce Religion


You were on level 9 of the Dungeon.
You worshipped Okawaru.
Okawaru was pleased with you.
You were very hungry.

You visited 2 branches of the dungeon, and saw 10 of its levels.

You collected 482 gold pieces.
You spent 32 gold pieces at shops.

Inventory:

Hand weapons
 A - the +4,+1 mace of Risk Management {crush, Str+1}
   (You took it off an orc on level 7 of the Dungeon)

   It inflicts extra damage upon your enemies.
   It affects your strength (+1).
Missiles
 u - 20 poisoned needles
Magical devices
 n - a wand of polymorph (18)
 q - a wand of lightning (4)
Comestibles
 b - 7 bread rations
 h - 16 strawberries
 r - 2 meat rations
Scrolls
 a - a scroll of fear {unknown}
 c - a scroll of blinking
 d - 7 scrolls of identify
 e - 2 scrolls of fog
 f - a scroll of enchant weapon II
 i - 9 scrolls of remove curse {unknown}
 l - a scroll of amnesia
 o - 2 scrolls of random uselessness
 s - 2 scrolls of recharging
 v - 2 scrolls of enchant armour {unknown}
Jewellery
 g - a ring of see invisible (left tentacle)
 j - a +4,+3 ring of slaying (right tentacle)
 m - an amulet of warding (around mantle)
 p - a ring of sustain abilities (on tentacle)
 x - a +2 ring of intelligence (on tentacle)
Potions
 k - a potion of curing
 w - a potion of speed
 z - a potion of heal wounds
 B - 2 potions of brilliance


   Skills:
 + Level 8.1(13.1) Fighting
 - Level 3.0(8.0) Dodging
 + Level 10.7(15.7) Stealth
 * Level 10.8(15.8) Unarmed Combat


You had 9 spell levels left.
You didn't know any spells.

Dungeon Overview and Level Annotations

Branches:
Dungeon (9/27)             Temple (1/1) D:7             Orc (0/4) D:9
   Lair: D:8-13

Altars:
Ashenzari
Cheibriados
Elyvilon
Kikubaaqudgha
Nemelex Xobeh
Okawaru
Trog
Xom
Yredelemnul
Zin

Shops:
D:4 *   D:9 (


Innate Abilities, Weirdness & Mutations

You cannot wear most types of armour.
You are amphibious.
You can wear up to eight rings at the same time.
You can use your tentacles to constrict many enemies at once.
Your skin changes colour to match your surroundings (Stlth).
Your rubbery body absorbs attacks (AC +1).


Message History

The centaur warrior misses you.
You hit the centaur warrior.
Your squeeze misses the centaur warrior.
The centaur warrior is almost dead.
The centaur warrior hits you.
* * * LOW HITPOINT WARNING * * *
Unknown command.
Drink which item? (? for menu, Esc to quit)
You feel much better. The centaur warrior hits you!
You barely miss the centaur warrior.
The centaur warrior is almost dead.
The centaur warrior hits you!
* * * LOW HITPOINT WARNING * * *
You barely miss the centaur warrior.
The centaur warrior is almost dead.
The centaur warrior completely misses you.
You hit the centaur warrior.
The centaur warrior is almost dead.
The centaur warrior hits you!
You die...

#.. ....#######%.
#.............).. #.#
#####}.)... #.# #......
.#########.# #...∩..
......F....# #......
....c.....(# #...>..
..#######c# #......
#.....@.# #......
#..(..#<# #......
#.....#.# ##......
.#######.########.......
....................###.
........................
.......................
.......................
...............?.......


You could see a centaur warrior.

Vanquished Creatures
  The ghost of temujin the Ruinous, an experienced HEIE of Cheibriados (D:5)
  Grinder (D:5)
  A raven (D:7)
  A hungry ghost (D:8)
  A manticore (D:6)
  A soldier ant (D:9)
  A sky beast (D:4)
  An ogre (D:8)
  3 orc warriors
  A phantom (D:6)
  A deep dwarf (D:5)
  An ice beast (D:6)
  Sigmund (D:6)
  2 giant frogs
  2 gnoll sergeants
  A hippogriff zombie (D:6)
  6 killer bees (D:8)
  3 crimson imps
  A centaur zombie (D:5)
  3 hounds
  3 gnoll shamans (D:6)
  2 iguanas
  An orc priest (D:5)
  3 jellies
  4 orc wizards (D:5)
  2 scorpions
  10 worker ants
  An ogre zombie (D:7)
  A big kobold zombie (D:6)
  An ogre skeleton (D:6)
  A worker ant zombie (D:7)
  43 gnolls
  9 adders
  A giant mite (D:4)
  6 worms
  A scorpion zombie (D:7)
  An adder zombie (D:5)
  An iguana skeleton (D:4)
  A giant eyeball (D:8)
  5 giant geckos
  An ooze (D:3)
  27 orcs
  14 bats
  9 giant cockroaches
  14 hobgoblins
  18 jackals
  10 kobolds
  6 quokkas
  5 ball pythons (D:2)
  6 giant newts
  11 goblins
  A goblin skeleton (D:4)
  A goblin zombie (D:5)
  A hobgoblin skeleton (D:8)
  A kobold skeleton (D:7)
  2 orc zombies
  13 rats
  A ballistomycete (D:7)
271 creatures vanquished.

Vanquished Creatures (others)
  A gnoll (D:6)
  A giant spore (D:7)
2 creatures vanquished.

Grand Total: 273 creatures vanquished

Notes
Turn   | Place    | Note
--------------------------------------------------------------
     0 | D:1      | Deemzul, the Octopode Monk, began the quest for the Orb.
     0 | D:1      | Reached XP level 1. HP: 14/14 MP: 0/0
   250 | D:1      | Reached XP level 2. HP: 13/19 MP: 1/1
   928 | D:2      | Reached XP level 3. HP: 19/25 MP: 2/2
  1293 | D:2      | Reached XP level 4. HP: 28/30 MP: 3/3
  1746 | D:3      | Noticed a giant frog
  1767 | D:3      | Killed a giant frog
  1767 | D:3      | Reached skill level 5 in Stealth
  1767 | D:3      | Reached XP level 5. HP: 18/36 MP: 4/4
  1929 | D:3      | Noticed a giant slug
  1930 | D:3      | Found a snail-covered altar of Cheibriados.
  1941 | D:3      | Noticed a giant slug
  1942 | D:3      | Noticed a giant slug
  3166 | D:4      | Found Stuv's General Store.
  3175 | D:4      | Bought a potion of might for 32 gold pieces
  3222 | D:4      | Reached XP level 6. HP: 42/42 MP: 5/5
  3226 | D:4      | Reached skill level 6 in Stealth
  3244 | D:4      | Reached skill level 5 in Unarmed Combat
  3351 | D:4      | Noticed a sky beast
  3366 | D:4      | Killed a sky beast
  4099 | D:5      | Entered Level 5 of the Dungeon
  4154 | D:5      | Reached skill level 7 in Stealth
  4154 | D:5      | Reached XP level 7. HP: 45/47 MP: 6/6
  4575 | D:5      | Reached skill level 5 in Fighting
  4904 | D:5      | Noticed Grinder
  4905 | D:5      | Paralysed by Grinder for 3 turns
  4920 | D:5      | Killed Grinder
  4920 | D:5      | Reached skill level 8 in Stealth
  4920 | D:5      | Reached XP level 8. HP: 43/54 MP: 7/7
  5196 | D:5      | Found a glowing silver altar of Zin.
  5196 | D:5      | Found an ancient bone altar of Kikubaaqudgha.
  5198 | D:5      | Found a shattered altar of Ashenzari.
  5201 | D:5      | Found a snail-covered altar of Cheibriados.
  5201 | D:5      | Found a bloodstained altar of Trog.
  5206 | D:5      | Found a sparkling altar of Nemelex Xobeh.
  5231 | D:5      | Noticed temujin's ghost (experienced HEIE)
  5242 | D:5      | Killed temujin's ghost
  5242 | D:5      | Reached skill level 9 in Stealth
  5563 | D:6      | Found a white marble altar of Elyvilon.
  5647 | D:6      | Noticed Sigmund
  5656 | D:6      | Killed Sigmund
  6000 | D:6      | Reached XP level 9. HP: 47/60 MP: 8/8
  8365 | D:7      | Found a staircase to the Ecumenical Temple.
  8374 | Temple   | Entered the Ecumenical Temple
  8391 | Temple   | Became a worshipper of Warmaster Okawaru
  8391 | Temple   | Acquired Okawaru's first power
  8576 | Temple   | Reached skill level 10 in Unarmed Combat
  9041 | D:7      | Got a faintly glowing mace
  9048 | D:7      | Identified the mace of Risk Management {crush, Str+1} (You took it off an orc on level 7 of the Dungeon)
  9487 | D:8      | Reached skill level 10 in Stealth
  9525 | D:8      | Reached XP level 10. HP: 41/67 MP: 7/9
  9752 | D:8      | Paralysed by a giant eyeball for 2 turns
 10329 | D:9      | Found a staircase to the Orcish Mines.
 10329 | D:9      | Noticed a centaur warrior
 10625 | D:9      | Found Muockunu's Weapon Emporium.
 11062 | D:9      | Slain by a centaur warrior

Action                   |  1- 3 |  4- 6 |  7- 9 | 10-12 || total
-------------------------+-------+-------+-------+-------++-------
Melee: Unarmed           |    69 |   136 |   335 |    66 ||   606
       Mace              |       |       |     6 |       ||     6
Throw: Dart              |       |       |     3 |       ||     3
Invok: Heroism           |       |       |     6 |     5 ||    11
Evoke: Wand              |       |     2 |     6 |     1 ||     9
  Use: Potion            |     2 |     6 |     9 |     2 ||    19
       Scroll            |     2 |     9 |     3 |     4 ||    18
 Stab: Sleeping          |     8 |    15 |    16 |     5 ||    44
       Distracted        |     1 |     1 |     4 |     1 ||     7
